 Dungeon Crawl Stone Soup version 0.31-a0-267-g3fc6992b3b (webtiles) character file.

Game seed: 18207637251830366982

1365 Gargoyl the Chopper (level 8, -6/73 HPs)
             Began as a Gargoyle Berserker on July 14, 2023.
             Was a Priest of Trog.
             Killed by divine providence
             ... invoked by an orc priest
              (14 damage)
             ... on level 6 of the Dungeon.
             The game lasted 00:07:34 (4175 turns).

Gargoyl the Chopper (Gargoyle Berserker)            Turns: 4175, Time: 00:07:35

Health: -6/73      AC: 24    Str: 18 (20) XL:     8   Next: 65%
Magic:  8/8        EV:  2    Int:  8 (9)  God:    Trog [***...]
Gold:   247        SH:  0    Dex:  8 (11) Spells: 7/7 levels left

rFire   . . .        n - +0 broad axe
rCold   . . .        (no shield)
rNeg    + . .        c - melded +4 ring mail
rPois   ∞            (helmet currently unavailable)
rElec   .            (cloak currently unavailable)
rCorr   .            (gloves currently unavailable)
SInv    .            (boots currently unavailable)
Will    ++...        g - amulet of the acrobat
Stlth   +            (no ring)
HPRegen 1.32/turn    (no ring)
MPRegen 0.11/turn

%: acrobat
@: tree-form (expiring), strong-willed, regenerating
A: stationary, stasis, torment immunity, boosted hp, sickness immunity, AC +5,
negative energy resistance 1, (electricity resistance), torment resistance 1,
petrification resistance, (iridescent scales 1), devolution 1
a: Renounce Religion, Berserk, Trog's Hand


You were on level 6 of the Dungeon.
You worshipped Trog.
Trog was most pleased with you.
You were a tree.
You visited 1 branch of the dungeon, and saw 6 of its levels.

You collected 247 gold pieces.

Inventory:

Hand Weapons
 a - a +0 hand axe
 n - a +0 broad axe (weapon)
Armour
 c - a +4 ring mail (melded)
Jewellery
 g - an amulet of the acrobat (around neck)
 p - a ring of ice
Talismans
 l - a maw talisman
Wands
 k - a wand of paralysis (6)
Scrolls
 e - a scroll of fear {unknown}
 h - a scroll of silence {unknown}
 m - 2 scrolls of identify
Potions
 d - 3 potions of cancellation
 f - a potion of lignification
 i - 2 potions of brilliance


   Skills:
 + Level 5.2 Fighting
 + Level 7.5 Axes
 + Level 5.2 Armour
 + Level 3.4 Dodging
 + Level 0.6 Stealth


You had 7 spell levels left.
You didn't know any spells.
Your spell library was empty.

Dungeon Overview and Level Annotations

Branches:
Dungeon (6/15)             Temple (0/1) D:6

Altars:
Ashenzari
Kikubaaqudgha
Nemelex Xobeh
Qazlal
Trog
Uskayaw
Vehumet
Wu Jian

Annotations:
D:3 1 runed translucent door, Crazy Yiuf


Innate Abilities, Weirdness & Mutations

You are a tree.
Your roots penetrate the ground, keeping you stationary.
You cannot be teleported.
You are immune to unholy pain and torment.
Your maximum health is greatly increased.
Your equipment is partially melded.
You are immune to sickness and miasma.
((Your stone body is resilient. (AC +5)))
You are immune to poison.
You resist negative energy. (rN+)
((You are resistant to electric shocks. (rElec)))
You are resistant to unholy torment.
You are immune to petrification.
((You are partially covered in iridescent scales. (AC +2)))
You have hidden genetic defects.


Message History

The puff of flame hits you.
* * * LOW HITPOINT WARNING * * *
The orc priest hits you but does no damage.
The iguana bites you but does no damage.
You closely miss the orc priest.
The orc priest is almost dead.
You closely miss something. You hit the iguana but do no damage.
You recover from your berserk rage.
The orc priest hits you but does no damage.
Something hits you but does no damage. The iguana completely misses you.
Unknown command.
You closely miss the orc priest.
The orc priest is almost dead.
You miss something. You barely miss the iguana.
The orc priest hits you but does no damage.
Something hits you.
* * * LOW HITPOINT WARNING * * *
The iguana bites you but does no damage.
You barely miss the orc priest.
The orc priest is almost dead.
You hit the iguana.
You kill the iguana!
Trog accepts your kill.
You miss something.
The orc priest looks satisfied for a moment.
Something hits you.
* * * LOW HITPOINT WARNING * * *
Your skin crawls.
You feel strong-willed.
The orc priest hits you but does no damage.
You hear some strange, mumbled words.
A magic dart appears from out of thin air!
The magic dart hits you.
* * * LOW HITPOINT WARNING * * *
You closely miss the orc priest.
The orc priest is almost dead.
You closely miss something.
The orc priest calls down the wrath of Beogh upon you.
Beogh smites you!
You die...

#.........#
##.........#
..........#
#.........#
#.........#
#.........#
###...o.....#
#...{♣......#
##....?.....##
#####........>.##
.#
#...........#.##
.....####......#.#
#...### ##.##### #
#.....##..#
#...)#####
#..)<....#


You could see an orc priest.

Vanquished Creatures
  3 black bears
  A sky beast (D:5)
  An ogre (D:5)
  A scorpion (D:4)
  3 howler monkeys
  A crimson imp (D:4)
  5 hounds
  A jelly (D:5)
  3 orc priests
  Natasha (thrice) (D:3)
  4 iguanas
  3 orc wizards
  A gnoll (D:1)
  3 adders
  A shadow imp (D:4)
  A white imp (D:4)
  2 worms (D:4)
  A dart slug (D:1)
  23 orcs
  9 ball pythons
  6 bats (D:1)
  6 endoplasms
  3 giant cockroaches
  11 goblins
  4 hobgoblins
  17 jackals
  8 kobolds
  3 quokkas
  6 frilled lizards
  3 rats
137 creatures vanquished.

Notes
Turn   | Place    | Note
-------+----------+-------------------------------------------
     0 | D:1      | Gargoyl the Gargoyle Berserker began the quest for the Orb.
     0 | D:1      | Reached XP level 1. HP: 14/14 MP: 1/1
   156 | D:1      | Reached XP level 2. HP: 16/19 MP: 2/2
   162 | D:1      | Reached skill level 3 in Axes
   380 | D:1      | Reached XP level 3. HP: 19/23 MP: 3/3
   548 | D:1      | Reached ** piety under Trog
  1122 | D:2      | Found a radiant altar of Vehumet.
  1326 | D:2      | Reached XP level 4. HP: 25/29 MP: 4/4
  1766 | D:3      | Reached skill level 4 in Axes
  1767 | D:3      | Reached XP level 5. HP: 32/33 MP: 5/5
  1886 | D:3      | Noticed Natasha
  1897 | D:3      | Killed Natasha
  1957 | D:3      | Noticed Natasha
  1972 | D:3      | Killed Natasha
  2015 | D:3      | Found a runed translucent door.
  2016 | D:3      | Noticed Crazy Yiuf
  2109 | D:3      | Noticed Natasha
  2126 | D:3      | Killed Natasha
  2197 | D:4      | Reached XP level 6. HP: 38/38 MP: 6/6
  2547 | D:4      | Reached skill level 5 in Axes
  2698 | D:4      | Reached XP level 7. HP: 44/44 MP: 7/7
  2887 | D:4      | Reached *** piety under Trog
  2901 | D:4      | Found a broken altar of Ashenzari.
  2901 | D:4      | Found an ancient bone altar of Kikubaaqudgha.
  2902 | D:4      | Found a stormy altar of Qazlal.
  3042 | D:4      | Found an ornate altar of the Wu Jian Council.
  3042 | D:4      | Found a hide-covered altar of Uskayaw.
  3298 | D:5      | Entered Level 5 of the Dungeon
  3436 | D:5      | Found a sparkling altar of Nemelex Xobeh.
  3560 | D:5      | You fall into a shaft and drop 1 floor!
  3579 | D:6      | Reached skill level 6 in Axes
  3581 | D:6      | Found a bloodstained altar of Trog.
  3714 | D:5      | Reached XP level 8. HP: 48/48 MP: 8/8
  3881 | D:5      | Reached skill level 5 in Armour
  3913 | D:5      | Reached skill level 5 in Fighting
  3913 | D:5      | Reached skill level 7 in Axes
  4127 | D:6      | Found a staircase to the Ecumenical Temple.
  4159 | D:6      | Gained mutation: You have hidden genetic defects. [potion
                  | of mutation]
  4159 | D:6      | Gained mutation: You are partially covered in iridescent
                  | scales. (AC +2) [potion of mutation]
  4175 | D:6      | Killed from afar by an orc priest

Illustrated notes

Levels and vault maps discovered:
D:1:      matt_arrival_spirals, layout_basic
D:2:      layout_loops_ring, basic_altar
D:3:      layout_rooms, uniq_crazy_yiuf_cottage, uniq_natasha
D:4:      minmay_skewed_foursquare, layout_rooms,
          chequers_temple_overflow_statue_of_worship,
          gammafunk_temple_overflow_wave, grunt_ministairs_7,
          minmay_fire_ice_demons
D:5:      layout_gridville, nemelex_spade_bored_becter
D:6:      layout_rooms, old_standard_altar, minmay_temple_entry_mist,
          uniq_duvessa

Skill      XL: |  1  2  3  4  5  6  7  8 |
---------------+-------------------------+-----
Axes           | 3 4 5 6 7 |  7.5
Dodging        | 2 3 |  3.4
Armour         | 3 4 5 |  5.2
Fighting       | 4 5 |  5.2
Stealth        | |  0.6

Action                     |  1- 3 |  4- 6 |  7- 9 || total
---------------------------+-------+-------+-------++-------
  Melee: Hand axe          |   115 |   207 |       ||   322
         Punch             |       |     4 |     2 ||     6
         Broad axe         |       |       |   137 ||   137
 Invoke: Berserk           |     1 |     3 |     7 ||    11
         Trog's Hand       |       |       |     4 ||     4
    Use: Scroll            |     4 |       |     7 ||    11
         Potion            |       |       |     7 ||     7
 Armour: Animal skin       |    18 |       |       ||    18
         Ring mail         |    45 |    62 |   115 ||   222
         Skin              |       |       |    34 ||    34
  Dodge: Dodged            |   102 |   129 |   163 ||   394

Table legend: (Time is in decaauts)
 A = Elapsed time spent in this place.
 B = Non-inter-level travel time spent in this place.
 C = Inter-level travel time spent in this place.
 D = Time resting spent in this place.
 E = Time spent auto-exploring this place.
 F = Levels seen in this place.
 G = Mean time per level.
                   A        B        C        D        E       F      G
               +--------+--------+--------+--------+--------+-----+--------+
         Total |   4353 |   4164 |    189 |     36 |   2805 |   6 |  725.5 |
       Dungeon |   4353 |   4164 |    189 |     36 |   2805 |   6 |  725.5 |
               +--------+--------+--------+--------+--------+-----+--------+

Top non-repeatable levels by time:
     D:4: 1188 daAuts
     D:1: 1026 daAuts
     D:5: 885 daAuts
     D:2: 748 daAuts
     D:3: 417 daAuts
     D:6: 87 daAuts
